 Dungeon Crawl Stone Soup version 0.30-a0-165-g1891117ce2 (webtiles) character file.

Game seed: 6645879185356785359

187 ragingrage the Ruffian (level 5, -2/50 HPs)
             Began as a Troll Fighter on Sept 28, 2022.
             Slain by Natasha (7 damage)
             ... on level 4 of the Dungeon.
             The game lasted 00:01:50 (2528 turns).

ragingrage the Ruffian (Troll Fighter)              Turns: 2528, Time: 00:01:50

Health: -2/50      AC:  4    Str: 26    XL:     5   Next: 39%
Magic:  4/4        EV:  8    Int:  4    God:
Gold:   215        SH:  7    Dex:  9    Spells: 4/4 levels left

rFire   . . .      SeeInvis .      - Unarmed
rCold   . . .      Faith    .    b - +0 kite shield
rNeg    . . .      Spirit   .    a - +0 robe
rPois   .          Reflect  .    (helmet restricted)
rElec   .          Harm     .    (no cloak)
rCorr   .          Rampage  .    (gloves unavailable)
Will    .....                    (boots unavailable)
Stlth   +.........               (no amulet)
HPRegen 0.96/turn                (no ring)
MPRegen 0.09/turn                (no ring)

@: no status effects
A: large, unfitting armour, claws 3, regeneration 1, shaggy fur 1, tough skin 1
a: no special abilities


You were on level 4 of the Dungeon.
You visited 2 branches of the dungeon, and saw 5 of its levels.

You collected 215 gold pieces.

Inventory:

Missiles
 m - 2 throwing nets (quivered)
Armour
 a - a +0 robe (worn)
 b - a +0 kite shield (worn)
Scrolls
 e - a scroll of fog {unknown}
 g - 2 scrolls of identify {unknown}
 j - a scroll of immolation {unknown}
 l - 2 scrolls of enchant weapon {unknown}
 o - a scroll of teleportation {unknown}
 p - a scroll of magic mapping {unknown}
Potions
 c - a potion of might
 d - a potion of magic {unknown}
 f - 2 potions of attraction {unknown}
 h - 3 potions of degeneration {unknown}
 i - 3 potions of lignification {unknown}
 k - 2 potions of heal wounds {unknown}
 n - 2 potions of curing {unknown}


   Skills:
 - Level 2.4 Fighting
 - Level 2.4 Dodging
 - Level 2.6 Shields
 + Level 5.7 Unarmed Combat


You had 4 spell levels left.
You didn't know any spells.
Your spell library contained the following spells:

 Spells                   Type           Power      Damage    Failure   Level
 Slow                     Hex            0%         N/A       80%         1
 Confusing Touch          Hex            0%         N/A       99%         3
 Vampiric Draining        Necr           0%         2d6       99%         3


Dungeon Overview and Level Annotations

Branches:
Dungeon (4/15)             Temple (1/1) D:4

Altars:
Cheibriados
Gozag
Kikubaaqudgha
Nemelex Xobeh
Sif Muna
Trog
Uskayaw
Zin
The Shining One

Annotations:
D:3 Sigmund
D:4 Natasha


Innate Abilities, Weirdness & Mutations

You are too large for most types of armour.
You have claws for hands.
Your natural rate of healing is unusually fast.
You are covered in fur. (AC +1)
You have tough skin. (AC +1)


Message History

A kobold is nearby!
You block the kobold's attack.
You mangle the kobold!!
You kill the kobold!
No target in view!
No target in view!
No target in view!
Natasha, Servant of Life and Death comes into view.
Natasha hisses angrily.
Natasha is nearby!
Natasha is nearby!
Natasha casts a spell.
You closely miss Natasha. Natasha claws you.
You completely miss Natasha. Natasha casts a spell at you.
The magic dart hits you. The shadow imp gestures at you.
Pain shoots through your body!
You scratch Natasha but do no damage.
Natasha extends her claws.
Natasha claws you. The shadow imp gestures at you.
Pain shoots through your body!
* * * LOW HITPOINT WARNING * * *
You miss Natasha. Natasha claws you but does no damage.
You claw Natasha!
Natasha is severely wounded.
Natasha claws you!
* * * LOW HITPOINT WARNING * * *
The shadow imp hits you.
* * * LOW HITPOINT WARNING * * *
You miss Natasha.
Natasha is severely wounded.
Natasha claws you but does no damage. The shadow imp closely misses you.
You closely miss Natasha.
Natasha is severely wounded.
Natasha wildly gestures.
Natasha shimmers violently.
Natasha claws you!
You die...

...##...##.....###.
.#####.####....# .. #. ##
#.# #..#..##.. ... # ##.
#..##....##... #..#
#...#.... #... ........
....... # ##h...# ####.##
## #@5.#
......###...####...##
.###................# ##
......####..#..## # #....
###...#..##.. #
##....###............ ##
#..# #.....##........
.####..###...####....#...
.........#...####...###..


You could see Natasha and a shadow imp (summoned).

Vanquished Creatures
  A hound (D:4)
  Natasha (twice) (D:4)
  3 gnolls (D:2)
  2 adders
  2 worms (D:2)
  3 dart slugs
  3 ball pythons
  5 endoplasms
  A giant cockroach (D:1)
  4 goblins
  3 hobgoblins
  3 jackals (D:2)
  A quokka (D:2)
  6 bats
  A frilled lizard (D:1)
  7 kobolds
  4 rats
51 creatures vanquished.

Notes
Turn   | Place    | Note
-------+----------+-------------------------------------------
     0 | D:1      | ragingrage the Troll Fighter began the quest for the Orb.
     0 | D:1      | Reached XP level 1. HP: 22/22 MP: 0/0
   159 | D:1      | Reached XP level 2. HP: 29/29 MP: 1/1
   281 | D:1      | Reached skill level 3 in Unarmed Combat
   486 | D:1      | Found a faded altar of an unknown god.
   853 | D:2      | Reached XP level 3. HP: 36/36 MP: 2/2
  1028 | D:2      | Reached skill level 4 in Unarmed Combat
  1104 | D:2      | Reached XP level 4. HP: 27/44 MP: 3/3
  1683 | D:3      | Noticed Sigmund
  1715 | D:4      | Reached skill level 5 in Unarmed Combat
  1896 | D:4      | Found a bloodstained altar of Trog.
  2012 | D:4      | Noticed Natasha
  2019 | D:4      | Killed Natasha
  2020 | D:4      | Reached XP level 5. HP: 43/50 MP: 4/4
  2107 | D:4      | Found a staircase to the Ecumenical Temple.
  2218 | Temple   | Entered the Ecumenical Temple
  2323 | D:4      | Noticed Natasha
  2332 | D:4      | Killed Natasha
  2518 | D:4      | Noticed Natasha
  2528 | D:4      | Slain by Natasha

Illustrated notes

Levels and vault maps discovered:
D:1:      nagdon_arrival_zigzag_paths, layout_basic, basic_ecumenical_altar,
          chequers_serial_rivers_micro_e
D:2:      layout_loops_ring
D:3:      layout_basic, nicolae_overflow_hidden_temple, st_stairs_4,
          small_statue_intersection, minmay_distorted, uniq_sigmund
D:4:      layout_layer_cave, mainiacjoe_overflow_cross_hatched,
          minmay_temple_entry_enclosed_plants, uniq_natasha
Temple:   nicolae_temple_colour_theory

Skill      XL: |  1  2  3  4 |
---------------+-------------+-----
Unarmed Combat | 3 4 5 |  5.7
Fighting       | |  2.4
Dodging        | |  2.4
Shields        | |  2.6

Action                   |  1- 3 |  4- 6 || total
-------------------------+-------+-------++-------
Melee: Unarmed           |    92 |    44 ||   136
Armor: Robe              |    29 |     9 ||    38
Dodge: Dodged            |    27 |    14 ||    41
Block: Kite shield       |    32 |    13 ||    45

Table legend: (Time is in decaauts)
 A = Elapsed time spent in this place.
 B = Non-inter-level travel time spent in this place.
 C = Inter-level travel time spent in this place.
 D = Time resting spent in this place.
 E = Time spent auto-exploring this place.
 F = Levels seen in this place.
 G = Mean time per level.
                   A        B        C        D        E       F      G
               +--------+--------+--------+--------+--------+-----+--------+
         Total |   2546 |   2452 |     94 |     34 |   2026 |   5 |  509.2 |
       Dungeon |   2471 |   2383 |     88 |     34 |   1962 |   4 |  617.8 |
        Temple |     74 |     68 |      6 |      0 |     64 |   1 |   74.0 |
               +--------+--------+--------+--------+--------+-----+--------+

Top non-repeatable levels by time:
     D:1: 841 daAuts
     D:4: 771 daAuts
     D:2: 766 daAuts
     D:3: 91 daAuts
  Temple: 74 daAuts
